| Goals | Penalties |
1. Bruins , Ryan Poehling 4 (Jackson Blake 5) at 1:00
2. Bruins , Bo Horvat 4 (Chris Tanev 3, Jared Spurgeon 5) at 19:40
|
No Penalty
|
3. Oilers , Mark Scheifele 6 (Ilya Lyubushkin 3, Jason Zucker 12) at 0:11
4. Oilers , Christian Dvorak 2 (Connor Brown 1, Philip Broberg 2) at 4:59
5. Bruins , Tage Thompson 3 (Bo Horvat 11) at 7:22
|
No Penalty
|
No Goal
|
Tim Stutzle (EDM) for Tripping (Minor) at 7:51
|
|
Mackenzie Blackwood (BOS), 34 saves from 36 shots - (0,944), W, 7-3-3, 60:00 minutes
Filip Gustavsson (EDM), 31 saves from 34 shots - (0,912), L, 4-3-3, 59:14 minutes
|
|
1 - Bo Horvat (BOS)
2 - Mackenzie Blackwood (BOS)
3 - Tage Thompson (BOS)
|
Referees : Tim Peel and Chris Schlenker
Linesman : Kory Nagy and Robb Harrell
|
|
| No Game Note
|
|
Level 1 -- Attendance: 4552 (75,87%) -- Ticket Income $477,960
Level 2 -- Attendance: 4882 (97,64%) -- Ticket Income $317,330
Level 3 -- Attendance: 1756 (87,80%) -- Ticket Income $66,728
Level 4 -- Attendance: 3912 (97,80%) -- Ticket Income $89,976
Luxury Box -- Attendance: 938 (93,80%) -- Ticket Income $178,220
Game was played at the Edmonton Coliseum.
Total Attendance: 16040 (89,11%)
Total Ticket Income: $1,130,214
Other Income: $553,805
Total Income: $1,684,019
|
Bruins
| 5 vs 5 Forward |
|---|
| Line # | Left Wing | Center | Right Wing | PHY | DF | OF | Wanted % | Time % | Time Play |
| 1 | Brady Tkachuk | Bo Horvat | Tage Thompson | 0 | 1 | 4 | 30 | 31% | 17:36
|
| 2 | John Tavares | Nico Hischier | Alexis Lafreniere | 0 | 2 | 3 | 30 | 30% | 16:59
|
| 3 | Zack Bolduc | Ryan Poehling | Jackson Blake | 0 | 3 | 2 | 24 | 24% | 13:31
|
| 4 | Beck Malenstyn | Jack Drury | Anthony Mantha | 1 | 2 | 2 | 16 | 15% | 8:46
|
| 5 vs 5 Defense |
|---|
| Line # | Defense | Defense | | PHY | DF | OF | Wanted % | Time % | Time Play |
| 1 | Seth Jones | Alex Vlasic | | 0 | 3 | 2 | 34 | 34% | 19:11
|
| 2 | Chris Tanev | Jared Spurgeon | | 0 | 4 | 1 | 34 | 33% | 18:51
|
| 3 | Travis Hamonic | Timothy Liljegren | | 0 | 5 | 0 | 32 | 32% | 17:55
|
| 4 | Seth Jones | Travis Hamonic | | 1 | 2 | 2 | 0 | 2% | 0:55
|
| Power Play Forward |
|---|
| Line # | Left Wing | Center | Right Wing | PHY | DF | OF | Wanted % | Time % | Time Play |
| 1 | John Tavares | Nico Hischier | Tage Thompson | 0 | 0 | 5 | 60 | 55% | 1:05
|
| 2 | Brady Tkachuk | Bo Horvat | Alexis Lafreniere | 0 | 0 | 5 | 40 | 45% | 0:54
|
| Power Play Defense |
|---|
| Line # | Defense | Defense | | PHY | DF | OF | Wanted % | Time % | Time Play |
| 1 | Seth Jones | Jared Spurgeon | | 0 | 1 | 4 | 50 | 61% | 1:12
|
| 2 | Alex Vlasic | Timothy Liljegren | | 0 | 1 | 4 | 50 | 39% | 0:47
|
| Penalty Kill 4 Players Forward |
|---|
| Line # | Center | Wing | PHY | DF | OF | Wanted % | Time % | Time Play |
| 1 | Ryan Poehling | Beck Malenstyn | 0 | 5 | 0 | 60 | 0% | 0:00
|
| 2 | Nico Hischier | Jack Drury | 0 | 5 | 0 | 40 | 0% | 0:00
|
| Penalty Kill 4 Players Defense |
|---|
| Line # | Defense | Defense | PHY | DF | OF | Wanted % | Time % | Time Play |
| 1 | Chris Tanev | Alex Vlasic | 1 | 4 | 0 | 50 | 0% | 0:00
|
| 2 | Travis Hamonic | Jared Spurgeon | 1 | 4 | 0 | 50 | 0% | 0:00
|
| Penalty Kill 3 Players |
|---|
| Line # | Wing | PHY | DF | OF | Wanted % | Time % | Time Play | Defense | Defense | PHY | DF | OF | Wanted % | Time % | Time Play |
| 1 | Nico Hischier | 0 | 5 | 0 | 50 | 0% | 0:00
| Chris Tanev | Jared Spurgeon | 1 | 4 | 0 | 50 | 0% | 0:00
|
| 2 | Ryan Poehling | 0 | 5 | 0 | 50 | 0% | 0:00
| Alex Vlasic | Travis Hamonic | 1 | 4 | 0 | 50 | 0% | 0:00
|
| 4 vs 4 Forward |
|---|
| Line # | Center | Wing | PHY | DF | OF | Wanted % | Time % | Time Play |
| 1 | John Tavares | Brady Tkachuk | 1 | 2 | 2 | 50 | 0% | 0:00
|
| 2 | Nico Hischier | Tage Thompson | 1 | 2 | 2 | 50 | 0% | 0:00
|
| 4 vs 4 Defense |
|---|
| Line # | Defense | | PHY | DF | OF | Wanted % | Time % | Time Play |
| 1 | Seth Jones | Jared Spurgeon | 1 | 2 | 2 | 50 | 0% | 0:00
|
| 2 | Chris Tanev | Alex Vlasic | 1 | 2 | 2 | 50 | 0% | 0:00
|
| Last Minutes Offensive |
|---|
| Left Wing | Center | Right Wing | Defense | Defense |
| John Tavares | Nico Hischier | Tage Thompson | Seth Jones | Jared Spurgeon |
| Last Minutes Defensive |
|---|
| Left Wing | Center | Right Wing | Defense | Defense |
| Zack Bolduc | Nico Hischier | Ryan Poehling | Seth Jones | Alex Vlasic |
| Time |
|---|
| Total Forward | Total Defense | Last Minutes Offensive | Last Minutes Defensive |
| 60:00 |
60:00 |
0:00 | 1:09 |
| Extra Forwards |
|---|
| Normal | PowerPlay | Penalty Kill |
|
Jackson Blake, Zack Bolduc, Anthony Mantha | Anthony Mantha, Jackson Blake | Zack Bolduc |
| Extra Defensemen |
|---|
| Normal | PowerPlay | Penalty Kill |
|
Jared Spurgeon, Timothy Liljegren, Seth Jones | Jared Spurgeon, Alex Vlasic | Seth Jones |
| Penalty Shots |
|---|
|
Ryan Poehling, Anthony Mantha, Alexis Lafreniere, John Tavares, Brady Tkachuk |
| Goalie |
|---|
| Mackenzie Blackwood, Marc-Andre Fleury |
| Custom OT Lines Forwards |
|---|
|
Bo Horvat, Brady Tkachuk, Nico Hischier, Tage Thompson, John Tavares, Alexis Lafreniere, Anthony Mantha, Jack Drury, Zack Bolduc, Beck Malenstyn |
| Custom OT Lines Defensemen |
|---|
|
Seth Jones, Jared Spurgeon, Travis Hamonic, Alex Vlasic, Timothy Liljegren |
| Scratches |
|---|
|
Uvis Balinskis (Healthy) |
Oilers
| 5 vs 5 Forward |
|---|
| Line # | Left Wing | Center | Right Wing | PHY | DF | OF | Wanted % | Time % | Time Play |
| 1 | Tim Stutzle | Nathan MacKinnon | Drake Batherson | 0 | 0 | 5 | 34 | 34% | 19:08
|
| 2 | Jason Zucker | Mark Scheifele | Rickard Rakell | 0 | 0 | 5 | 32 | 33% | 18:29
|
| 3 | Cutter Gauthier | Barrett Hayton | Oliver Bjorkstrand | 0 | 2 | 3 | 24 | 21% | 11:46
|
| 4 | Paul Cotter | Christian Dvorak | Connor Brown | 1 | 2 | 2 | 10 | 13% | 7:26
|
| 5 vs 5 Defense |
|---|
| Line # | Defense | Defense | | PHY | DF | OF | Wanted % | Time % | Time Play |
| 1 | Jake Middleton | John Carlson | | 1 | 2 | 2 | 37 | 38% | 21:30
|
| 2 | Philip Broberg | Ilya Lyubushkin | | 1 | 2 | 2 | 32 | 31% | 17:34
|
| 3 | Simon Edvinsson | Dante Fabbro | | 1 | 3 | 1 | 31 | 30% | 16:53
|
| 4 | John Carlson | Dante Fabbro | | 1 | 2 | 2 | 0 | 2% | 0:52
|
| Power Play Forward |
|---|
| Line # | Left Wing | Center | Right Wing | PHY | DF | OF | Wanted % | Time % | Time Play |
| 1 | Tim Stutzle | Nathan MacKinnon | Drake Batherson | 0 | 0 | 5 | 50 | 0% | 0:00
|
| 2 | Jason Zucker | Mark Scheifele | Rickard Rakell | 0 | 0 | 5 | 50 | 0% | 0:00
|
| Power Play Defense |
|---|
| Line # | Defense | Defense | | PHY | DF | OF | Wanted % | Time % | Time Play |
| 1 | Philip Broberg | John Carlson | | 0 | 0 | 5 | 60 | 0% | 0:00
|
| 2 | Simon Edvinsson | Dante Fabbro | | 0 | 0 | 5 | 40 | 0% | 0:00
|
| Penalty Kill 4 Players Forward |
|---|
| Line # | Center | Wing | PHY | DF | OF | Wanted % | Time % | Time Play |
| 1 | Christian Dvorak | Connor Brown | 0 | 5 | 0 | 50 | 40% | 0:48
|
| 2 | Barrett Hayton | Tim Stutzle | 0 | 5 | 0 | 50 | 60% | 1:11
|
| Penalty Kill 4 Players Defense |
|---|
| Line # | Defense | Defense | PHY | DF | OF | Wanted % | Time % | Time Play |
| 1 | Jake Middleton | John Carlson | 1 | 4 | 0 | 50 | 56% | 1:07
|
| 2 | Simon Edvinsson | Ilya Lyubushkin | 1 | 4 | 0 | 50 | 44% | 0:52
|
| Penalty Kill 3 Players |
|---|
| Line # | Wing | PHY | DF | OF | Wanted % | Time % | Time Play | Defense | Defense | PHY | DF | OF | Wanted % | Time % | Time Play |
| 1 | Christian Dvorak | 0 | 5 | 0 | 50 | 0% | 0:00
| Jake Middleton | John Carlson | 1 | 4 | 0 | 50 | 0% | 0:00
|
| 2 | Barrett Hayton | 0 | 5 | 0 | 50 | 0% | 0:00
| Simon Edvinsson | Ilya Lyubushkin | 1 | 4 | 0 | 50 | 0% | 0:00
|
| 4 vs 4 Forward |
|---|
| Line # | Center | Wing | PHY | DF | OF | Wanted % | Time % | Time Play |
| 1 | Nathan MacKinnon | Tim Stutzle | 0 | 2 | 3 | 50 | 0% | 0:00
|
| 2 | Mark Scheifele | Rickard Rakell | 0 | 2 | 3 | 50 | 0% | 0:00
|
| 4 vs 4 Defense |
|---|
| Line # | Defense | | PHY | DF | OF | Wanted % | Time % | Time Play |
| 1 | Jake Middleton | John Carlson | 1 | 3 | 1 | 50 | 0% | 0:00
|
| 2 | Simon Edvinsson | Philip Broberg | 1 | 3 | 1 | 50 | 0% | 0:00
|
| Last Minutes Offensive |
|---|
| Left Wing | Center | Right Wing | Defense | Defense |
| Tim Stutzle | Nathan MacKinnon | Drake Batherson | Philip Broberg | John Carlson |
| Last Minutes Defensive |
|---|
| Left Wing | Center | Right Wing | Defense | Defense |
| Barrett Hayton | Christian Dvorak | Connor Brown | Jake Middleton | John Carlson |
| Time |
|---|
| Total Forward | Total Defense | Last Minutes Offensive | Last Minutes Defensive |
| 60:00 |
60:00 |
1:12 | 0:00 |
| Extra Forwards |
|---|
| Normal | PowerPlay | Penalty Kill |
|
Nathan MacKinnon, Mark Scheifele, Barrett Hayton | Barrett Hayton, Oliver Bjorkstrand | Oliver Bjorkstrand |
| Extra Defensemen |
|---|
| Normal | PowerPlay | Penalty Kill |
|
John Carlson, Philip Broberg, Simon Edvinsson | Jake Middleton, Philip Broberg | Dante Fabbro |
| Penalty Shots |
|---|
|
Tim Stutzle, Nathan MacKinnon, Rickard Rakell, Mark Scheifele, Drake Batherson |
| Goalie |
|---|
| Filip Gustavsson, Scott Wedgewood |
| Custom OT Lines Forwards |
|---|
|
Nathan MacKinnon, Rickard Rakell, Tim Stutzle, Drake Batherson, Mark Scheifele, Jason Zucker, Barrett Hayton, Oliver Bjorkstrand, Christian Dvorak, Cutter Gauthier |
| Custom OT Lines Defensemen |
|---|
|
John Carlson, Jake Middleton, Philip Broberg, Simon Edvinsson, Dante Fabbro |
| Scratches |
|---|
|
Darren Raddysh (Healthy), Jiri Kulich (Healthy), Maxim Tsyplakov (Healthy) |
Play-by-Play
1st period
0:01 of 1st period - Nathan MacKinnon wins face-off versus Bo Horvat in neutral zone.
0:46 of 1st period - Icing by Jake Middleton.
0:47 of 1st period - Ryan Poehling wins face-off versus Barrett Hayton in Oilers zone.
1:00 of 1st period - Slapshot by Ryan Poehling.
1:00 of 1st period - Goal by Ryan Poehling - Bruins : 1 - Oilers : 0.
1:01 of 1st period - Christian Dvorak wins face-off versus Jack Drury in neutral zone.
1:08 of 1st period - Wrist shot by Christian Dvorak.
1:08 of 1st period - Stopped by Mackenzie Blackwood without a rebound.
1:09 of 1st period - Christian Dvorak wins face-off versus Anthony Mantha in Bruins zone.
2:10 of 1st period - Wrist shot by Bo Horvat.
2:10 of 1st period - Shot Blocked by Simon Edvinsson.
2:26 of 1st period - Snap shot by Oliver Bjorkstrand.
2:26 of 1st period - Stopped by Mackenzie Blackwood with a rebound.
3:08 of 1st period - Jake Middleton is hit by Jared Spurgeon and loses puck.
3:37 of 1st period - Wrist shot by Tage Thompson.
3:37 of 1st period - Stopped by Filip Gustavsson with a rebound.
3:53 of 1st period - Off-side.
3:54 of 1st period - Nico Hischier wins face-off versus Mark Scheifele in neutral zone.
5:12 of 1st period - Wrist shot by Nathan MacKinnon.
5:12 of 1st period - Stopped by Mackenzie Blackwood without a rebound.
5:13 of 1st period - Bo Horvat wins face-off versus Mark Scheifele in Bruins zone.
5:22 of 1st period - Wrist shot by Bo Horvat.
5:22 of 1st period - Shot Misses the Net.
5:44 of 1st period - Snap shot by John Tavares.
5:44 of 1st period - Shot Misses the Net.
6:04 of 1st period - Wrist shot by Tim Stutzle.
6:04 of 1st period - Stopped by Mackenzie Blackwood with a rebound.
6:06 of 1st period - Snap shot by Tim Stutzle.
6:06 of 1st period - Shot Blocked by Travis Hamonic.
6:24 of 1st period - Snap shot by Paul Cotter.
6:24 of 1st period - Shot Blocked by Timothy Liljegren.
6:26 of 1st period - Wrist shot by Christian Dvorak.
6:26 of 1st period - Stopped by Mackenzie Blackwood with a rebound.
6:28 of 1st period - Slapshot by Jake Middleton.
6:28 of 1st period - Shot Blocked by Ryan Poehling.
6:30 of 1st period - Wrist shot by John Carlson.
6:30 of 1st period - Stopped by Mackenzie Blackwood with a rebound.
7:25 of 1st period - Snap shot by Beck Malenstyn.
7:25 of 1st period - Stopped by Filip Gustavsson with a rebound.
7:31 of 1st period - Beck Malenstyn is hit by Drake Batherson.
7:35 of 1st period - Travis Hamonic is hit by Tim Stutzle and loses puck.
7:43 of 1st period - Icing by Timothy Liljegren.
7:44 of 1st period - Bo Horvat wins face-off versus Christian Dvorak in Bruins zone.
7:49 of 1st period - Snap shot by Tage Thompson.
7:49 of 1st period - Stopped by Filip Gustavsson with a rebound.
7:51 of 1st period - Snap shot by Brady Tkachuk.
7:51 of 1st period - Shot Misses the Net.
7:53 of 1st period - Slapshot by Timothy Liljegren.
7:53 of 1st period - Deflect By Bo Horvat.
7:53 of 1st period - Shot Misses the Net.
7:53 of 1st period - Puck is out of play.
7:54 of 1st period - Nico Hischier wins face-off versus Mark Scheifele in Oilers zone.
8:01 of 1st period - Wrist shot by Alexis Lafreniere.
8:01 of 1st period - Stopped by Filip Gustavsson without a rebound.
8:02 of 1st period - Mark Scheifele wins face-off versus Nico Hischier in Oilers zone.
8:24 of 1st period - Snap shot by Nico Hischier.
8:24 of 1st period - Stopped by Filip Gustavsson with a rebound.
8:26 of 1st period - Slapshot by Chris Tanev.
8:26 of 1st period - Shot Misses the Net.
8:28 of 1st period - Snap shot by Jared Spurgeon.
8:28 of 1st period - Deflect By Nico Hischier.
8:28 of 1st period - Shot Misses the Net.
8:28 of 1st period - Puck is out of play.
8:29 of 1st period - Bo Horvat wins face-off versus Barrett Hayton in Oilers zone.
8:46 of 1st period - Wrist shot by Brady Tkachuk.
8:46 of 1st period - Stopped by Filip Gustavsson with a rebound.
8:56 of 1st period - Seth Jones is hit by Drake Batherson and loses puck.
9:24 of 1st period - John Carlson is hit by Beck Malenstyn and loses puck.
10:14 of 1st period - Snap shot by Bo Horvat.
10:14 of 1st period - Stopped by Filip Gustavsson without a rebound.
10:15 of 1st period - Nathan MacKinnon wins face-off versus Ryan Poehling in Oilers zone.
10:42 of 1st period - Ryan Poehling is hit by Ilya Lyubushkin and loses puck.
11:17 of 1st period - Wrist shot by Paul Cotter.
11:17 of 1st period - Deflect By Christian Dvorak.
11:17 of 1st period - Stopped by Mackenzie Blackwood with a rebound.
11:27 of 1st period - Ryan Poehling is hit by Tim Stutzle and loses puck.
11:46 of 1st period - Snap shot by Jackson Blake.
11:46 of 1st period - Shot Blocked by Mark Scheifele.
11:58 of 1st period - Snap shot by Ryan Poehling.
11:58 of 1st period - Stopped by Filip Gustavsson with a rebound.
12:32 of 1st period - Snap shot by Zack Bolduc.
12:32 of 1st period - Shot Misses the Net.
12:42 of 1st period - Snap shot by Jackson Blake.
12:42 of 1st period - Deflect By Zack Bolduc.
12:42 of 1st period - Shot Misses the Net.
12:42 of 1st period - Puck is out of play.
12:43 of 1st period - Nathan MacKinnon wins face-off versus Bo Horvat in Oilers zone.
12:43 of 1st period - Nathan MacKinnon is hit by Brady Tkachuk.
13:09 of 1st period - Chris Tanev is hit by Dante Fabbro and loses puck.
13:18 of 1st period - Snap shot by Oliver Bjorkstrand.
13:18 of 1st period - Stopped by Mackenzie Blackwood with a rebound.
13:45 of 1st period - Wrist shot by Anthony Mantha.
13:45 of 1st period - Deflect By Beck Malenstyn.
13:45 of 1st period - Stopped by Filip Gustavsson without a rebound.
13:46 of 1st period - Nathan MacKinnon wins face-off versus Brady Tkachuk in Oilers zone.
13:57 of 1st period - Wrist shot by Nathan MacKinnon.
13:57 of 1st period - Stopped by Mackenzie Blackwood with a rebound.
14:24 of 1st period - Snap shot by Jack Drury.
14:24 of 1st period - Deflect By Simon Edvinsson.
14:24 of 1st period - Shot Misses the Net.
14:24 of 1st period - Puck is out of play.
14:25 of 1st period - Nico Hischier wins face-off versus Rickard Rakell in Oilers zone.
14:52 of 1st period - Nathan MacKinnon is hit by Timothy Liljegren and loses puck.
15:13 of 1st period - Slapshot by Drake Batherson.
15:13 of 1st period - Stopped by Mackenzie Blackwood with a rebound.
15:15 of 1st period - Wrist shot by Cutter Gauthier.
15:15 of 1st period - Shot Misses the Net.
15:17 of 1st period - Backhand shot by Ilya Lyubushkin.
15:17 of 1st period - Shot Blocked by Anthony Mantha.
15:19 of 1st period - Snap shot by Cutter Gauthier.
15:19 of 1st period - Deflect By Barrett Hayton.
15:19 of 1st period - Shot Misses the Net.
15:19 of 1st period - Puck is out of play.
15:20 of 1st period - Barrett Hayton wins face-off versus Nico Hischier in Bruins zone.
15:27 of 1st period - Snap shot by Barrett Hayton.
15:27 of 1st period - Stopped by Mackenzie Blackwood without a rebound.
15:28 of 1st period - Nico Hischier wins face-off versus Nathan MacKinnon in Bruins zone.
15:28 of 1st period - Nico Hischier is hit by Dante Fabbro.
15:34 of 1st period - Snap shot by Tim Stutzle.
15:34 of 1st period - Shot Blocked by Alex Vlasic.
15:36 of 1st period - Wrist shot by Dante Fabbro.
15:36 of 1st period - Shot Misses the Net.
15:38 of 1st period - Slapshot by Dante Fabbro.
15:38 of 1st period - Deflect By Nico Hischier.
15:38 of 1st period - Stopped by Mackenzie Blackwood without a rebound.
15:39 of 1st period - Nathan MacKinnon wins face-off versus Bo Horvat in Bruins zone.
15:48 of 1st period - Snap shot by Brady Tkachuk.
15:48 of 1st period - Shot Misses the Net.
15:50 of 1st period - Wrist shot by Bo Horvat.
15:50 of 1st period - Shot Misses the Net.
15:52 of 1st period - Slapshot by Jared Spurgeon.
15:52 of 1st period - Stopped by Filip Gustavsson without a rebound.
15:53 of 1st period - Nico Hischier wins face-off versus Mark Scheifele in Oilers zone.
16:19 of 1st period - Simon Edvinsson is hit by Bo Horvat and loses puck.
16:45 of 1st period - Oliver Bjorkstrand is hit by Beck Malenstyn and loses puck.
17:13 of 1st period - Off-side.
17:14 of 1st period - Bo Horvat wins face-off versus Nathan MacKinnon in neutral zone.
17:45 of 1st period - Snap shot by Nico Hischier.
17:45 of 1st period - Stopped by Filip Gustavsson without a rebound.
17:46 of 1st period - Nico Hischier wins face-off versus Mark Scheifele in Oilers zone.
18:12 of 1st period - Jason Zucker is hit by Alexis Lafreniere and loses puck.
18:18 of 1st period - Icing by John Carlson.
18:19 of 1st period - Mark Scheifele wins face-off versus Bo Horvat in Oilers zone.
18:28 of 1st period - Snap shot by Mark Scheifele.
18:28 of 1st period - Stopped by Mackenzie Blackwood without a rebound.
18:29 of 1st period - Barrett Hayton wins face-off versus Bo Horvat in Bruins zone.
18:30 of 1st period - Slapshot by Oliver Bjorkstrand.
18:30 of 1st period - Stopped by Mackenzie Blackwood with a rebound.
18:47 of 1st period - Icing by Chris Tanev.
18:48 of 1st period - Bo Horvat wins face-off versus Nathan MacKinnon in Bruins zone.
19:04 of 1st period - Snap shot by Brady Tkachuk.
19:04 of 1st period - Stopped by Filip Gustavsson with a rebound.
19:18 of 1st period - Wrist shot by Brady Tkachuk.
19:18 of 1st period - Shot Misses the Net.
19:36 of 1st period - Snap shot by Tage Thompson.
19:36 of 1st period - Shot Blocked by Dante Fabbro.
19:38 of 1st period - Slapshot by Jared Spurgeon.
19:38 of 1st period - Shot Misses the Net.
19:40 of 1st period - Slapshot by Chris Tanev.
19:40 of 1st period - Deflect By Bo Horvat.
19:40 of 1st period - Goal by Bo Horvat - Bruins : 2 - Oilers : 0.
19:41 of 1st period - Jack Drury wins face-off versus Nathan MacKinnon in neutral zone.
Goals for this period are 2 for Bruins vs 0 for Oilers.
Shots for this period are 14 for Bruins vs 14 for Oilers.
2nd period
0:01 of 2nd period - Mark Scheifele wins face-off versus Nico Hischier in neutral zone.
0:05 of 2nd period - Slapshot by Mark Scheifele.
0:05 of 2nd period - Stopped by Mackenzie Blackwood with a rebound.
0:07 of 2nd period - Snap shot by Mark Scheifele.
0:07 of 2nd period - Shot Misses the Net.
0:09 of 2nd period - Slapshot by Ilya Lyubushkin.
0:09 of 2nd period - Shot Misses the Net.
0:11 of 2nd period - Snap shot by Mark Scheifele.
0:11 of 2nd period - Goal by Mark Scheifele - Bruins : 2 - Oilers : 1.
0:12 of 2nd period - Nico Hischier wins face-off versus Nathan MacKinnon in neutral zone.
0:39 of 2nd period - Anthony Mantha is hit by Jason Zucker and loses puck.
0:48 of 2nd period - Snap shot by Mark Scheifele.
0:48 of 2nd period - Deflect By Jason Zucker.
0:48 of 2nd period - Shot Misses the Net.
0:48 of 2nd period - Puck is out of play.
0:49 of 2nd period - Barrett Hayton wins face-off versus Zack Bolduc in Bruins zone.
1:20 of 2nd period - Wrist shot by Nathan MacKinnon.
1:20 of 2nd period - Shot Blocked by Timothy Liljegren.
1:35 of 2nd period - Off-side.
1:36 of 2nd period - Mark Scheifele wins face-off versus Anthony Mantha in neutral zone.
1:50 of 2nd period - Wrist shot by Anthony Mantha.
1:50 of 2nd period - Stopped by Filip Gustavsson without a rebound.
1:51 of 2nd period - Bo Horvat wins face-off versus Nathan MacKinnon in Oilers zone.
1:58 of 2nd period - Wrist shot by Bo Horvat.
1:58 of 2nd period - Shot Hit the Post.
2:04 of 2nd period - Wrist shot by Brady Tkachuk.
2:04 of 2nd period - Shot Blocked by Dante Fabbro.
2:21 of 2nd period - Alex Vlasic is hit by Simon Edvinsson and loses puck.
3:53 of 2nd period - Oliver Bjorkstrand is hit by Jackson Blake and loses puck.
3:58 of 2nd period - Snap shot by Jackson Blake.
3:58 of 2nd period - Shot Blocked by Jake Middleton.
4:36 of 2nd period - Snap shot by Christian Dvorak.
4:36 of 2nd period - Deflect By Paul Cotter.
4:36 of 2nd period - Shot Misses the Net.
4:36 of 2nd period - Puck is out of play.
4:37 of 2nd period - Bo Horvat wins face-off versus Christian Dvorak in Bruins zone.
4:37 of 2nd period - Bo Horvat is hit by Paul Cotter.
4:43 of 2nd period - Slapshot by Brady Tkachuk.
4:43 of 2nd period - Shot Misses the Net.
4:59 of 2nd period - Slapshot by Christian Dvorak.
4:59 of 2nd period - Goal by Christian Dvorak - Bruins : 2 - Oilers : 2.
5:00 of 2nd period - Nathan MacKinnon wins face-off versus Ryan Poehling in neutral zone.
5:11 of 2nd period - Snap shot by Tim Stutzle.
5:11 of 2nd period - Shot Blocked by Jared Spurgeon.
5:13 of 2nd period - Wrist shot by Tim Stutzle.
5:13 of 2nd period - Shot Misses the Net.
5:27 of 2nd period - Chris Tanev is hit by Oliver Bjorkstrand and loses puck.
5:38 of 2nd period - Wrist shot by Barrett Hayton.
5:38 of 2nd period - Stopped by Mackenzie Blackwood with a rebound.
5:52 of 2nd period - Wrist shot by Ryan Poehling.
5:52 of 2nd period - Stopped by Filip Gustavsson without a rebound.
5:53 of 2nd period - Nico Hischier wins face-off versus Jason Zucker in Oilers zone.
6:04 of 2nd period - Snap shot by Nico Hischier.
6:04 of 2nd period - Stopped by Filip Gustavsson with a rebound.
6:06 of 2nd period - Slapshot by Seth Jones.
6:06 of 2nd period - Stopped by Filip Gustavsson with a rebound.
6:08 of 2nd period - Slapshot by Nico Hischier.
6:08 of 2nd period - Stopped by Filip Gustavsson with a rebound.
6:20 of 2nd period - Ilya Lyubushkin is hit by Seth Jones and loses puck.
6:41 of 2nd period - Cutter Gauthier is hit by Jack Drury and loses puck.
7:08 of 2nd period - Snap shot by Nico Hischier.
7:08 of 2nd period - Stopped by Filip Gustavsson with a rebound.
7:10 of 2nd period - Slapshot by Timothy Liljegren.
7:10 of 2nd period - Deflect By Nico Hischier.
7:10 of 2nd period - Shot Blocked by Jake Middleton.
7:10 of 2nd period - Puck is out of play.
7:11 of 2nd period - Bo Horvat wins face-off versus Christian Dvorak in Oilers zone.
7:14 of 2nd period - Slapshot by Bo Horvat.
7:14 of 2nd period - Stopped by Filip Gustavsson without a rebound.
7:15 of 2nd period - Bo Horvat wins face-off versus Mark Scheifele in Oilers zone.
7:20 of 2nd period - Snap shot by Bo Horvat.
7:20 of 2nd period - Stopped by Filip Gustavsson with a rebound.
7:22 of 2nd period - Slapshot by Tage Thompson.
7:22 of 2nd period - Goal by Tage Thompson - Bruins : 3 - Oilers : 2.
7:23 of 2nd period - Nathan MacKinnon wins face-off versus Nico Hischier in neutral zone.
7:34 of 2nd period - Ilya Lyubushkin is hit by John Tavares and loses puck.
9:22 of 2nd period - Snap shot by Paul Cotter.
9:22 of 2nd period - Shot Misses the Net.
9:52 of 2nd period - Snap shot by Jackson Blake.
9:52 of 2nd period - Deflect By Jason Zucker.
9:52 of 2nd period - Shot Misses the Net.
9:52 of 2nd period - Puck is out of play.
9:53 of 2nd period - Barrett Hayton wins face-off versus Nico Hischier in Oilers zone.
9:53 of 2nd period - Barrett Hayton is hit by John Tavares.
10:31 of 2nd period - John Carlson is hit by Tage Thompson and loses puck.
10:56 of 2nd period - Wrist shot by Brady Tkachuk.
10:56 of 2nd period - Stopped by Filip Gustavsson with a rebound.
11:14 of 2nd period - Wrist shot by Nathan MacKinnon.
11:14 of 2nd period - Shot Blocked by Alex Vlasic.
11:16 of 2nd period - Slapshot by Ilya Lyubushkin.
11:16 of 2nd period - Shot Blocked by Brady Tkachuk.
11:20 of 2nd period - Snap shot by Tim Stutzle.
11:20 of 2nd period - Stopped by Mackenzie Blackwood with a rebound.
11:22 of 2nd period - Slapshot by Ilya Lyubushkin.
11:22 of 2nd period - Stopped by Mackenzie Blackwood with a rebound.
11:24 of 2nd period - Slapshot by Philip Broberg.
11:24 of 2nd period - Shot Blocked by Seth Jones.
11:59 of 2nd period - Wrist shot by Nathan MacKinnon.
11:59 of 2nd period - Stopped by Mackenzie Blackwood without a rebound.
12:00 of 2nd period - Nico Hischier wins face-off versus Mark Scheifele in Bruins zone.
12:00 of 2nd period - Nico Hischier is hit by Mark Scheifele.
12:26 of 2nd period - Travis Hamonic is hit by Oliver Bjorkstrand.
12:45 of 2nd period - Snap shot by Anthony Mantha.
12:45 of 2nd period - Stopped by Filip Gustavsson with a rebound.
12:48 of 2nd period - Icing by Simon Edvinsson.
12:49 of 2nd period - Christian Dvorak wins face-off versus Jack Drury in Oilers zone.
12:49 of 2nd period - Christian Dvorak is hit by Beck Malenstyn.
13:23 of 2nd period - Off-side.
13:24 of 2nd period - Mark Scheifele wins face-off versus Nico Hischier in neutral zone.
14:34 of 2nd period - Wrist shot by Tim Stutzle.
14:34 of 2nd period - Deflect By Nathan MacKinnon.
14:34 of 2nd period - Shot Blocked by Jared Spurgeon.
14:34 of 2nd period - Puck is out of play.
14:35 of 2nd period - Nathan MacKinnon wins face-off versus Jack Drury in Bruins zone.
14:52 of 2nd period - Snap shot by Tim Stutzle.
14:52 of 2nd period - Stopped by Mackenzie Blackwood without a rebound.
14:53 of 2nd period - Rickard Rakell wins face-off versus Nico Hischier in Bruins zone.
15:20 of 2nd period - Oliver Bjorkstrand is hit by Seth Jones and loses puck.
16:09 of 2nd period - Off-side.
16:10 of 2nd period - Mark Scheifele wins face-off versus Alexis Lafreniere in neutral zone.
16:23 of 2nd period - Snap shot by Nico Hischier.
16:23 of 2nd period - Shot Misses the Net.
16:41 of 2nd period - Wrist shot by Nico Hischier.
16:41 of 2nd period - Stopped by Filip Gustavsson without a rebound.
16:42 of 2nd period - Ryan Poehling wins face-off versus Barrett Hayton in Oilers zone.
16:43 of 2nd period - Snap shot by Zack Bolduc.
16:43 of 2nd period - Stopped by Filip Gustavsson without a rebound.
16:44 of 2nd period - Ryan Poehling wins face-off versus Barrett Hayton in Oilers zone.
16:47 of 2nd period - Snap shot by Zack Bolduc.
16:47 of 2nd period - Stopped by Filip Gustavsson without a rebound.
16:48 of 2nd period - Ryan Poehling wins face-off versus Cutter Gauthier in Oilers zone.
16:51 of 2nd period - Snap shot by Jackson Blake.
16:51 of 2nd period - Shot Blocked by Oliver Bjorkstrand.
16:54 of 2nd period - Icing by Philip Broberg.
16:55 of 2nd period - Barrett Hayton wins face-off versus Ryan Poehling in Oilers zone.
16:55 of 2nd period - Barrett Hayton is hit by Seth Jones.
17:20 of 2nd period - Snap shot by Cutter Gauthier.
17:20 of 2nd period - Stopped by Mackenzie Blackwood without a rebound.
17:21 of 2nd period - Mark Scheifele wins face-off versus Nico Hischier in Bruins zone.
18:53 of 2nd period - Jason Zucker is hit by John Tavares and loses puck.
19:01 of 2nd period - Icing by John Carlson.
19:02 of 2nd period - Mark Scheifele wins face-off versus Bo Horvat in Oilers zone.
19:17 of 2nd period - Wrist shot by Mark Scheifele.
19:17 of 2nd period - Stopped by Mackenzie Blackwood without a rebound.
19:18 of 2nd period - Tim Stutzle wins face-off versus Ryan Poehling in Bruins zone.
19:29 of 2nd period - Slapshot by Jared Spurgeon.
19:29 of 2nd period - Shot Misses the Net.
19:31 of 2nd period - Slapshot by Chris Tanev.
19:31 of 2nd period - Shot Misses the Net.
19:33 of 2nd period - Snap shot by Zack Bolduc.
19:33 of 2nd period - Stopped by Filip Gustavsson without a rebound.
19:34 of 2nd period - Barrett Hayton wins face-off versus Bo Horvat in Oilers zone.
Goals for this period are 1 for Bruins vs 2 for Oilers.
Shots for this period are 15 for Bruins vs 10 for Oilers.
3rd period
0:01 of 3rd period - Bo Horvat wins face-off versus Nathan MacKinnon in neutral zone.
0:58 of 3rd period - Ryan Poehling is hit by Oliver Bjorkstrand and loses puck.
1:11 of 3rd period - Zack Bolduc is hit by Ilya Lyubushkin and loses puck.
1:21 of 3rd period - Wrist shot by Paul Cotter.
1:21 of 3rd period - Shot Misses the Net.
1:37 of 3rd period - Jared Spurgeon is hit by Nathan MacKinnon and loses puck.
2:20 of 3rd period - Alex Vlasic is hit by Barrett Hayton and loses puck.
2:35 of 3rd period - Slapshot by Bo Horvat.
2:35 of 3rd period - Shot Misses the Net.
2:47 of 3rd period - Zack Bolduc is hit by Jake Middleton.
2:57 of 3rd period - Wrist shot by Mark Scheifele.
2:57 of 3rd period - Stopped by Mackenzie Blackwood with a rebound.
3:00 of 3rd period - Icing by Travis Hamonic.
3:01 of 3rd period - Nico Hischier wins face-off versus Jason Zucker in Bruins zone.
3:12 of 3rd period - Wrist shot by Jason Zucker.
3:12 of 3rd period - Stopped by Mackenzie Blackwood without a rebound.
3:13 of 3rd period - Brady Tkachuk wins face-off versus Drake Batherson in Bruins zone.
3:26 of 3rd period - Snap shot by Tage Thompson.
3:26 of 3rd period - Stopped by Filip Gustavsson with a rebound.
3:46 of 3rd period - Wrist shot by Ryan Poehling.
3:46 of 3rd period - Stopped by Filip Gustavsson without a rebound.
3:47 of 3rd period - Mark Scheifele wins face-off versus Ryan Poehling in Oilers zone.
3:47 of 3rd period - Mark Scheifele is hit by Timothy Liljegren.
4:13 of 3rd period - Timothy Liljegren is hit by Tim Stutzle and loses puck.
5:17 of 3rd period - Snap shot by Mark Scheifele.
5:17 of 3rd period - Shot Misses the Net.
5:19 of 3rd period - Slapshot by Mark Scheifele.
5:19 of 3rd period - Shot Misses the Net.
5:27 of 3rd period - Wrist shot by Mark Scheifele.
5:27 of 3rd period - Stopped by Mackenzie Blackwood with a rebound.
5:37 of 3rd period - Snap shot by Tage Thompson.
5:37 of 3rd period - Deflect By Brady Tkachuk.
5:37 of 3rd period - Stopped by Filip Gustavsson with a rebound.
5:45 of 3rd period - Snap shot by Tim Stutzle.
5:45 of 3rd period - Shot Misses the Net.
6:25 of 3rd period - Backhand shot by Mark Scheifele.
6:25 of 3rd period - Stopped by Mackenzie Blackwood without a rebound.
6:26 of 3rd period - Nathan MacKinnon wins face-off versus Bo Horvat in Bruins zone.
6:29 of 3rd period - Wrist shot by Nathan MacKinnon.
6:29 of 3rd period - Shot Blocked by Timothy Liljegren.
7:08 of 3rd period - Slapshot by John Tavares.
7:08 of 3rd period - Stopped by Filip Gustavsson without a rebound.
7:09 of 3rd period - Rickard Rakell wins face-off versus Ryan Poehling in Oilers zone.
7:14 of 3rd period - Slapshot by Ilya Lyubushkin.
7:14 of 3rd period - Shot Misses the Net.
7:16 of 3rd period - Wrist shot by Rickard Rakell.
7:16 of 3rd period - Shot Blocked by Zack Bolduc.
7:18 of 3rd period - Snap shot by Rickard Rakell.
7:18 of 3rd period - Stopped by Mackenzie Blackwood without a rebound.
7:19 of 3rd period - Mark Scheifele wins face-off versus Ryan Poehling in Bruins zone.
7:20 of 3rd period - Wrist shot by Jason Zucker.
7:20 of 3rd period - Shot Blocked by Chris Tanev.
7:22 of 3rd period - Snap shot by Ilya Lyubushkin.
7:22 of 3rd period - Shot Misses the Net.
7:24 of 3rd period - Wrist shot by Jason Zucker.
7:24 of 3rd period - Shot Misses the Net.
7:26 of 3rd period - Slapshot by Philip Broberg.
7:26 of 3rd period - Shot Misses the Net.
7:28 of 3rd period - Slapshot by Ilya Lyubushkin.
7:28 of 3rd period - Deflect By Jason Zucker.
7:28 of 3rd period - Stopped by Mackenzie Blackwood without a rebound.
7:29 of 3rd period - Brady Tkachuk wins face-off versus Nathan MacKinnon in Bruins zone.
7:51 of 3rd period - Minor Penalty to Tim Stutzle for Tripping.
7:52 of 3rd period - Christian Dvorak wins face-off versus Nico Hischier in Oilers zone.
8:25 of 3rd period - Connor Brown is hit by Alexis Lafreniere.
8:29 of 3rd period - John Carlson is hit by Brady Tkachuk and loses puck.
8:40 of 3rd period - John Carlson is hit by John Tavares and loses puck.
8:49 of 3rd period - Timothy Liljegren is hit by Jake Middleton and loses puck.
9:51 of 3rd period - Penalty to Tim Stutzle is over, Tim Stutzle is back on ice.
10:35 of 3rd period - Slapshot by Jack Drury.
10:35 of 3rd period - Deflect By Beck Malenstyn.
10:35 of 3rd period - Stopped by Filip Gustavsson with a rebound.
10:37 of 3rd period - Slapshot by Chris Tanev.
10:37 of 3rd period - Shot Hit the Post.
11:09 of 3rd period - Beck Malenstyn is hit by Paul Cotter and loses puck.
11:59 of 3rd period - Icing by Ryan Poehling.
12:00 of 3rd period - Ryan Poehling wins face-off versus Nathan MacKinnon in Bruins zone.
12:37 of 3rd period - Tage Thompson is hit by Nathan MacKinnon and loses puck.
12:46 of 3rd period - Jake Middleton is hit by Jared Spurgeon.
12:59 of 3rd period - John Carlson is hit by Brady Tkachuk and loses puck.
14:55 of 3rd period - Snap shot by Nathan MacKinnon.
14:55 of 3rd period - Shot Blocked by Alex Vlasic.
14:57 of 3rd period - Slapshot by John Carlson.
14:57 of 3rd period - Shot Blocked by Seth Jones.
14:59 of 3rd period - Snap shot by Jake Middleton.
14:59 of 3rd period - Stopped by Mackenzie Blackwood without a rebound.
15:00 of 3rd period - Nico Hischier wins face-off versus Barrett Hayton in Bruins zone.
15:00 of 3rd period - Nico Hischier is hit by Simon Edvinsson.
15:15 of 3rd period - Off-side.
15:16 of 3rd period - Ryan Poehling wins face-off versus Mark Scheifele in neutral zone.
15:23 of 3rd period - Wrist shot by Rickard Rakell.
15:23 of 3rd period - Stopped by Mackenzie Blackwood with a rebound.
15:25 of 3rd period - Slapshot by Simon Edvinsson.
15:25 of 3rd period - Stopped by Mackenzie Blackwood without a rebound.
15:26 of 3rd period - Ryan Poehling wins face-off versus Mark Scheifele in Bruins zone.
15:31 of 3rd period - Slapshot by Timothy Liljegren.
15:31 of 3rd period - Shot Blocked by Simon Edvinsson.
15:39 of 3rd period - Snap shot by Mark Scheifele.
15:39 of 3rd period - Stopped by Mackenzie Blackwood with a rebound.
15:41 of 3rd period - Slapshot by Dante Fabbro.
15:41 of 3rd period - Shot Blocked by Zack Bolduc.
15:43 of 3rd period - Wrist shot by Rickard Rakell.
15:43 of 3rd period - Shot Blocked by Timothy Liljegren.
16:11 of 3rd period - Snap shot by Rickard Rakell.
16:11 of 3rd period - Deflect By Jason Zucker.
16:11 of 3rd period - Stopped by Mackenzie Blackwood with a rebound.
16:13 of 3rd period - Snap shot by Mark Scheifele.
16:13 of 3rd period - Shot Blocked by Timothy Liljegren.
16:15 of 3rd period - Snap shot by Mark Scheifele.
16:15 of 3rd period - Stopped by Mackenzie Blackwood without a rebound.
16:16 of 3rd period - Beck Malenstyn wins face-off versus Barrett Hayton in Bruins zone.
17:17 of 3rd period - John Tavares is hit by Connor Brown and loses puck.
17:30 of 3rd period - Jackson Blake is hit by Rickard Rakell and loses puck.
18:13 of 3rd period - Connor Brown is hit by Seth Jones and loses puck.
19:14 of 3rd period - Oilers, Filip Gustavsson is pulled from the net.
19:19 of 3rd period - Icing by Jared Spurgeon.
19:20 of 3rd period - Oliver Bjorkstrand wins face-off versus Bo Horvat in Bruins zone.
19:33 of 3rd period - Slapshot by Drake Batherson.
19:33 of 3rd period - Shot Misses the Net.
Goals for this period are 0 for Bruins vs 0 for Oilers.
Shots for this period are 5 for Bruins vs 12 for Oilers.